AoeStats
← EY

African Clearing

504998099Analyzed
3v3 RM · 23d ago on Sep 7, 2026· 33m 8s· 6 players
Game mode
Random Map
Map size
Normal (6 player)
Population
200
Speed
Normal
Resources
Standard
Victory
Conquest
Starting age
Dark Age
Ending age
Imperial Age
RankedLock teamsTeams togetherTeam positionsShared explorationLock speedFull tech treeHidden civsTurbo modeCheats
Victory
Defeat
🇹🇼 Wei · Taiwan
1348
+15
🇭🇰 Vietnamese · Hong Kong SAR China
1328
+16
🇭🇰 Aztecs · Hong Kong SAR China
1256
+19
🇦🇷 Spanish · Argentina
1367
-18
🇬🇧 Tupi · United Kingdom
1359
-18
🇨🇴 Vietnamese · Colombia
1256
-14
EY
12:45 Feudal Age
13:05 Feudal Age
14:27 Double-Bit Axe
17:21 Castle Age
15:44 Fletching
15:46 Loom
16:46 Gold Mining
18:29 Bow Saw
20:03 Bodkin Arrow
21:44 Padded Archer Armor
22:00 Stone Mining
25:19 Leather Archer Armor
32:20 Ballistics
32:43 Horse Collar
33:42 Wheelbarrow
runranrunrunning
7:59 Loom
13:59 Feudal Age
18:10 Castle Age
16:24 Double-Bit Axe
16:25 Horse Collar
17:04 Gold Mining
17:38 Stone Mining
20:00 Scale Barding Armor
20:07 Forging
24:28 Bloodlines
25:48 Husbandry
27:21 Chain Barding Armor
30:19 Wheelbarrow
32:46 Tuntian
Sugar Honey Ice Tea
3:00 Loom
14:15 Feudal Age
15:16 Double-Bit Axe
20:05 Castle Age
18:30 Fletching
20:22 Padded Archer Armor
ryocallan
11:23 Loom
13:27 Feudal Age
17:06 Castle Age
15:21 Double-Bit Axe
17:53 Fletching
18:55 Bodkin Arrow
21:10 Bow Saw
21:32 Padded Archer Armor
[TUC] NAGES
3:09 Loom
12:33 Feudal Age
20:15 Castle Age
22:22 Double-Bit Axe
24:14 Bow Saw
26:58 Padded Archer Armor
30:32 Bloodlines
33:16 Leather Archer Armor
lukardo
5:10 Loom
13:16 Feudal Age
14:35 Double-Bit Axe
15:27 Horse Collar
17:44 Fletching
18:37 Padded Archer Armor
23:52 Castle Age
23:30 Gold Mining
27:56 Bow Saw
28:29 Heavy Plow
28:51 Bodkin Arrow
29:57 Leather Archer Armor
30:52 Ballistics
35:49 Imperial Age
Connection lost

Rejoining the realm…

Still unreachable

The connection could not be restored.

Session expired

The server has moved on; the page needs a fresh start.